 Dungeon Crawl Stone Soup version 0.29-a0-330-g52719c12eb (webtiles) character file.

Game seed: 13641292560471792590

7380 Armakuni the Destroyer (level 11, -1/68 HPs)
             Began as a Human Conjurer on Apr 11, 2022.
             Was a Believer of Vehumet.
             Slain by starts1789's ghost (15 damage)
             ... on level 1 of the Lair of Beasts on Apr 14, 2022.
             The game lasted 00:29:11 (11132 turns).

Armakuni the Destroyer (Human Conjurer)            Turns: 11132, Time: 00:29:12

Health: -1/68      AC:  8    Str:  7    XL:     11   Next: 36%
Magic:  3/24       EV: 12    Int: 23    God:    Vehumet [**....]
Gold:   500        SH:  0    Dex: 18    Spells: 3/28 levels left

rFire   . . .      SeeInvis .   a - staff of conjuration
rCold   . . .      Faith    .   (no shield)
rNeg    . . .      Spirit   .   j - +2 leather armour {Will+}
rPois   .          Reflect  .   (no helmet)
rElec   .          Harm     .   (no cloak)
rCorr   .          Rampage  .   p - +2 pair of gloves
Will    ++...                   (no boots)
Stlth   ++........              (no amulet)
HPRegen 0.21/turn               W - ring of willpower
MPRegen 0.19/turn               D - +6 ring of dexterity

@: about to teleport
A: no striking features
a: Renounce Religion


You were on level 1 of the Lair of Beasts.
You worshipped Vehumet.
Vehumet was pleased with you.
You visited 3 branches of the dungeon, and saw 10 of its levels.

You collected 500 gold pieces.

Inventory:

Missiles
 c - 9 boomerangs
 n - 3 throwing nets
 B - a curare-tipped dart
Armour
 j - a +2 leather armour of willpower (worn)
 m - a +0 buckler
 p - a +2 pair of gloves (worn)
Magical Staves
 a - a staff of conjuration (weapon)
 i - a staff of fire
Jewellery
 d - a ring of resist corrosion
 y - a ring of protection from fire
 D - a +6 ring of dexterity (right hand)
 F - a ring of fire
 W - a ring of willpower (left hand)
Wands
 b - a wand of paralysis (8)
 q - a wand of polymorph (3)
 w - a wand of flame (16)
 x - a wand of digging (2)
 J - a wand of acid (15)
Scrolls
 e - 7 scrolls of teleportation
 f - a scroll of holy word
 h - a scroll of summoning
 r - 2 scrolls of amnesia
 z - a scroll of enchant weapon
 A - a scroll of fear
 C - a scroll of enchant armour
 I - a scroll of brand weapon
Potions
 k - a potion of might
 l - 2 potions of heal wounds
 o - 2 potions of mutation {unknown}
 s - a potion of attraction {unknown}
 t - 2 potions of brilliance {unknown}
 u - 3 potions of lignification
 v - a potion of curing {unknown}
 E - a potion of cancellation {unknown}
 G - a potion of berserk rage
 H - 2 potions of flight {unknown}


   Skills:
 - Level 2.0 Dodging
 - Level 2.0 Stealth
 + Level 9.4 Spellcasting
 + Level 9.6 Conjurations
 - Level 4.0 Translocations
 * Level 9.6 Fire Magic


You had 3 spell levels left.
You knew the following spells:

 Your Spells              Type           Power      Damage    Failure   Level
a - Magic Dart            Conj           100%       1d8       1%          1
b - Blink                 Tloc           58%        N/A       2%          2
c - Scorch                Fire           100%       2d10      1%          2
f - Fireball              Conj/Fire      35%        3d15      4%          5
i - Iskenderun's Battles  Conj           70%        2d12      4%          5
m - Iskenderun's Mystic   Conj/Tloc      59%        2d12      5%          4
w - Flame Wave            Conj/Fire      70%        2d13      1%          4
z - Searing Ray           Conj           100%       2d8       1%          2

Your spell library contained the following spells:

 Spells                   Type           Power      Damage    Failure   Level
 Shock                    Conj/Air       100%       1d9       1%          1
 Dazzling Flash           Conj/Hex       98%        N/A       3%          3
 Inner Flame              Hex/Fire       33%        N/A       3%          3
 Lesser Beckoning         Tloc           29%        N/A       5%          3
 Ensorcelled Hibernation  Hex/Ice        20%        N/A       14%         2
 Passwall                 Tmut/Erth      8%         N/A       14%         2
 Spider Form              Tmut/Pois      10%        N/A       26%         3
 Swiftness                Air            10%        N/A       26%         3
 Fulminant Prism          Conj/Hex       24%        3d13      12%         4
 Manifold Assault         Tloc           29%        N/A       43%         5
 Freezing Cloud           Conj/Ice/Air   19%        6-21      54%         5
 Anguish                  Hex/Necr       5%         N/A       65%         4
 Petrify                  Tmut/Erth      10%        N/A       65%         4
 Orb of Destruction       Conj           35%        9d10      82%         7
 Conjure Ball Lightning   Conj/Air       24%        3x3d7     88%         6
 Metabolic Englaciation   Hex/Ice        5%         N/A       94%         5
 Yara's Violent Unravell  Hex/Tmut       5%         3d4       94%         5
 Eringya's Noxious Bog    Tmut/Pois      5%         N/A       100%        6
 Simulacrum               Ice/Necr       5%         N/A       100%        6
 Statue Form              Tmut/Erth      6%         N/A       100%        6
 Summon Cactus Giant      Summ           5%         N/A       100%        6
 Polar Vortex             Ice            5%         N/A       100%        9


Dungeon Overview and Level Annotations

Branches:
Dungeon (8/15)             Temple (1/1) D:6            Lair (1/6) D:8

Altars:
Ashenzari
Cheibriados
Dithmenos
Elyvilon
Fedhas
Gozag
Hepliaklqana
Kikubaaqudgha
Makhleb
Nemelex Xobeh
Okawaru
Qazlal
Ru
Sif Muna
Trog
Uskayaw
Vehumet
Wu Jian
Xom
Yredelemnul
Zin
The Shining One

Shops:
D:3 :   D:8 :![

Annotations:
D:3 1 runed translucent door, hark's ghost, amateur MiFi
D:4 2 transporters
Lair:1 starts1789's ghost, journeyman DgEE


Message History

Aiming: Fireball (dangerous; 4% risk of failure)
Press: ? - help, Shift-Dir - straight line, f/p - spriggan
Aim: a spriggan, wielding a +0 spear (blue smoke, moderately wounded)
You feel a surge of power!
The fireball explodes!
The fireball engulfs the spriggan!!
You kill the spriggan!
Vehumet accepts your kill.
The fireball engulfs the spriggan!!
You kill the spriggan!
Vehumet accepts your kill.
The spriggan hits you from afar with a +0 trident!
* * * LOW HITPOINT WARNING * * *
Casting: Fireball (dangerous; 4% risk of failure)
Confirm with . or Enter, or press ? or * to list all spells.
Aiming: Fireball (dangerous; 4% risk of failure)
Press: ? - help, Shift-Dir - straight line, f - spriggan
Aim: a spriggan, wielding a +0 trident (blue smoke, almost dead)
You feel a surge of power!
The fireball explodes!
The fireball engulfs the spriggan!!
You kill the spriggan!
Vehumet accepts your kill.
A nearby fungus withers and dies.
Casting: Fireball (dangerous; 4% risk of failure)
Confirm with . or Enter, or press ? or * to list all spells.
You don't have enough magic to cast this spell.
Unknown command.
Your magical contamination has completely faded away.
Press: ? - help, v - describe, . - travel, g - get item
Here: starts1789's ghost, wielding a weapon of electrocution (blue smoke, moderately damaged) Item here: a hunting sling.
The floor.
As you read the scroll of teleportation, it crumbles to dust.
You feel strangely unstable.
Starts1789's ghost attacks as you move away!
Starts1789's ghost completely misses you.
Starts1789's ghost attacks as you move away!
Starts1789's ghost hits you.
* * * LOW HITPOINT WARNING * * *
You are electrocuted!
You die...

.#....###P##...# #..#####......
.............#######....##....###
.#P##.###....####.###.........###
####### ###..............#.....##
# ♣♣♣##.##.......[......##.. # ♣♣
♣..##......###..>.....#... ##
♣♣.♣♣.##.#.....###........##.. .#
♣..!..#8§§§....#........#..... .#
.♣.Wi#§§§§hW@................ .#
♣!♣i§§§§.###..######....##.P ###
..♣.i#§§.§##..## #...##..#
..#♣....h#8§####### ###...###.#
..#♣♣♣..♣##.# ##.....##P.# ..##
♣♣♣.$### ##....#P###.# ...### ♣♣♣
#....#### #.. .....# ####....#
#.# .#...## ##P#.....## #..


You could see a wolf and starts1789's ghost.

Vanquished Creatures
  Nergalle (Lair:1)
  Pikel (D:4)
  Joseph (D:8)
  A komodo dragon (D:6)
  Prince Ribbit (D:5)
  2 hornets
  4 spriggans (Lair:1)
  Eustachio (D:4)
  A wyvern (D:7)
  A wraith (D:6)
  A steam dragon (D:8)
  Menkaure (D:4)
  Edmund (D:5)
  An acid dragon (D:8)
  3 water moccasins (Lair:1)
  3 ice beasts
  2 black bears
  2 sky beasts
  4 wolves (Lair:1)
  An ogre (D:5)
  A centaur (D:7)
  A lemure (D:4)
  4 bullfrogs
  3 necrophages
  2 kobold brigands
  A gnoll sergeant (D:5)
  2 scorpions (D:5)
  9 wights
  A killer bee (D:8)
  2 howler monkeys
  4 jellies
  2 hounds (D:5)
  3 orc priests
  2 gnoll shamans
  3 iguanas
  4 orc wizards
  18 gnolls
  12 adders
  3 shadow imps
  2 white imps
  An ufetubus (D:4)
  4 dart slugs
  25 orcs
  4 endoplasms
  5 giant cockroaches
  A goblin (D:1)
  7 hobgoblins
  20 kobolds
  2 quokkas (D:3)
  9 ball pythons
  4 bats
  3 frilled lizards
  7 rats
204 creatures vanquished.

Vanquished Creatures (others)
  A fungus (Lair:1)
  5 plants (Lair:1)
  2 withered plants (D:3)
8 creatures vanquished.

Grand Total: 212 creatures vanquished

Notes
Turn   | Place    | Note
-------+----------+-------------------------------------------
     0 | D:1      | Armakuni the Human Conjurer began the quest for the Orb.
     0 | D:1      | Reached XP level 1. HP: 13/13 MP: 3/3
   164 | D:1      | You fall into a shaft and drop 1 floor!
   188 | D:2      | Reached XP level 2. HP: 6/19 MP: 0/5
   191 | D:2      | Learned a level 2 spell: Searing Ray
   761 | D:1      | Found a faded altar of an unknown god.
   840 | D:1      | Identified a scroll of acquirement
   840 | D:1      | Acquired a book of the Spheres
   896 | D:1      | Reached XP level 3. HP: 21/24 MP: 3/6
  1252 | D:2      | Reached skill level 5 in Conjurations
  1539 | D:2      | Reached XP level 4. HP: 26/30 MP: 3/7
  2021 | D:3      | Acquired a staff of conjuration
  2089 | D:3      | Found a runed translucent door.
  2089 | D:3      | Noticed hark's ghost (amateur MiFi)
  2119 | D:3      | Reached XP level 5. HP: 19/35 MP: 1/8
  2375 | D:3      | Got the Incunabulum of Moulding and Ignition
  2744 | D:3      | Found Feduaty's Book Shop.
  2876 | D:3      | Reached XP level 6. HP: 41/41 MP: 6/9
  3309 | D:3      | Learned a level 4 spell: Iskenderun's Mystic Blast
  3321 | D:4      | Noticed Pikel
  3540 | D:4      | Noticed Menkaure
  3607 | D:4      | Noticed Eustachio
  3622 | D:4      | Killed Eustachio
  3623 | D:4      | Reached XP level 7. HP: 26/46 MP: 0/10
  3632 | D:4      | Killed Menkaure
  3778 | D:4      | Found a transporter.
  3795 | D:4      | Killed Pikel
  3796 | D:4      | Reached XP level 8. HP: 30/52 MP: 1/13
  4072 | D:4      | Found a transporter.
  4091 | D:4      | Noticed a fire bat
  4212 | D:4      | Learned a level 2 spell: Blink
  4218 | D:4      | Learned a level 5 spell: Fireball
  4298 | D:5      | Entered Level 5 of the Dungeon
  4318 | D:5      | Noticed Edmund
  4414 | D:5      | Killed Edmund
  4415 | D:5      | Reached skill level 5 in Spellcasting
  4497 | D:5      | Noticed Prince Ribbit
  4503 | D:5      | Killed Prince Ribbit
  4504 | D:5      | Reached XP level 9. HP: 41/57 MP: 7/17
  4733 | D:5      | Learned a level 2 spell: Scorch
  4739 | D:5      | Learned a level 5 spell: Iskenderun's Battlesphere
  6294 | D:6      | Upgraded the game from 0.29-a0-323-g050149af67 to
                  | 0.29-a0-330-g52719c12eb
  6541 | D:6      | Found a staircase to the Ecumenical Temple.
  6560 | Temple   | Entered the Ecumenical Temple
  6667 | Temple   | Became a worshipper of Vehumet
  6796 | D:6      | Noticed a komodo dragon
  6805 | D:6      | Killed a komodo dragon
  6806 | D:6      | Reached XP level 10. HP: 63/63 MP: 5/22
  7500 | D:7      | Reached skill level 5 in Fire Magic
  8280 | D:7      | Reached * piety under Vehumet
  8280 | D:7      | Offered knowledge of Sandblast by Vehumet.
  8294 | D:7      | Learned a level 4 spell: Flame Wave
  8967 | D:8      | Found Loluasch's Distillery.
  9188 | D:8      | Found Qouluit's Antique Armour Boutique.
  9396 | D:8      | Found a staircase to the Lair.
  9509 | D:8      | Found an opulent altar of Gozag.
  9954 | D:8      | Found Dadwuave's Book Shop.
  9961 | D:8      | Noticed Joseph
  9968 | D:8      | Killed Joseph
 10121 | Lair:1   | Entered Level 1 of the Lair of Beasts
 10201 | Lair:1   | Reached XP level 11. HP: 68/68 MP: 13/23
 10201 | Lair:1   | Offered knowledge of Shock by Vehumet.
 10202 | Lair:1   | Reached ** piety under Vehumet
 10280 | Lair:1   | Found a runed translucent door.
 10501 | Lair:1   | Noticed Nergalle
 10513 | Lair:1   | Killed Nergalle
 10944 | Lair:1   | Noticed starts1789's ghost (journeyman DgEE)
 10944 | Lair:1   | Identified the +7 spear "Atrakhle" {distort, Fly rF- Int+3
                  | SInv}
 11105 | Lair:1   | Noticed a spriggan rider
 11132 | Lair:1   | Slain by starts1789's ghost

Illustrated notes

Levels and vault maps discovered:
D:1:      wander_arrival_peaceful_grave, layout_basic,
          shapermc_ecumenical_altar_mp_vishouse
D:2:      layout_rooms
D:3:      layout_loops_ring, gammafunk_ghost_grave, serial_shops, shop
D:4:      gammafunk_cloud_chamber, layout_basic, uniq_eustachio, uniq_menkaure,
          uniq_pikel
D:5:      layout_basic, minmay_checkerbox, uniq_edmund, uniq_prince_ribbit1
D:6:      layout_cave_pods, temple_pool_b, nicolae_sextant, st_stairs_6
D:7:      layout_rooms
D:8:      layout_gridville, nicolae_gozag_seed_capital, lair_entry_dummy,
          serial_shops, nicolae_shop_temple_entry_statues_fountains, shop,
          nicolae_shop_competitors_out_of_business, st_stairs_6,
          kennysheep_generic_room_3, uniq_joseph
Temple:   mainiacjoe_temple_archimedes_tessellation
Lair:1:   layout_misc_corridors, ebering_ghost_funeral_grove, uniq_nergalle

Skill      XL: |  1  2  3  4  5  6  7  8  9 10 11 |
---------------+----------------------------------+-----
Conjurations   | 5 6 8 9 |  9.6
Translocations | 4 |  4.0
Spellcasting   | 3 5 8 9 |  9.4
Fire Magic     | 3 8 9 |  9.6
Dodging        | |  2.0
Stealth        | |  2.0

Action                   |  1- 3 |  4- 6 |  7- 9 | 10-12 || total
-------------------------+-------+-------+-------+-------++-------
Melee: Staff             |     4 |     5 |     6 |     5 ||    20
       Short sword       |       |     8 |       |       ||     8
 Cast: Magic Dart        |    11 |       |     8 |       ||    19
       Searing Ray       |    20 |    27 |    46 |    42 ||   135
       Iskenderun's Myst |       |       |    19 |    23 ||    42
       Flame Wave        |       |       |       |     6 ||     6
       Iskenderun's Batt |       |       |       |     4 ||     4
       Fireball          |       |       |       |     3 ||     3
  Use: Scroll            |     2 |     9 |     2 |     6 ||    19
       Potion            |     1 |     2 |     1 |       ||     4
 Stab: Sleeping          |     1 |       |       |       ||     1
Armor: Robe              |     4 |     1 |     4 |       ||     9
       Leather armour    |       |       |       |    14 ||    14
Dodge: Dodged            |    18 |     8 |    25 |    38 ||    89

Table legend: (Time is in decaauts)
 A = Elapsed time spent in this place.
 B = Non-inter-level travel time spent in this place.
 C = Inter-level travel time spent in this place.
 D = Time resting spent in this place.
 E = Time spent auto-exploring this place.
 F = Levels seen in this place.
 G = Mean time per level.
                   A        B        C        D        E       F      G
               +--------+--------+--------+--------+--------+-----+--------+
         Total |  11139 |  10820 |    319 |   3166 |   5912 |  10 | 1113.9 |
       Dungeon |   9907 |   9618 |    289 |   2850 |   5150 |   8 | 1238.4 |
        Temple |    221 |    191 |     30 |      0 |    163 |   1 |  221.0 |
          Lair |   1010 |   1010 |      0 |    316 |    599 |   1 | 1010.0 |
               +--------+--------+--------+--------+--------+-----+--------+

Top non-repeatable levels by time:
     D:5: 1860 daAuts
     D:3: 1472 daAuts
     D:8: 1398 daAuts
     D:7: 1231 daAuts
     D:4: 1085 daAuts
  Lair:1: 1010 daAuts
     D:6: 979 daAuts
     D:1: 975 daAuts
     D:2: 905 daAuts
  Temple: 221 daAuts
